 Dungeon Crawl Stone Soup version 0.31-a0-846-gb3bcc0d938 (webtiles) character file.

Game seed: 4519467175058604758

122 MachoJfn the Trooper (level 4, -1/55 HPs)
             Began as a Demonspawn Berserker on Oct 3, 2023.
             Was a Believer of Trog.
             Slain by an orc warrior
             ... wielding a +0 hand axe
              (12 damage)
             ... on level 4 of the Dungeon.
             The game lasted 00:11:02 (2971 turns).

MachoJfn the Trooper (Demonspawn Berserker)         Turns: 2971, Time: 00:11:03

Health: -1/55      AC:  2    Str: 17 (19) XL:     4   Next: 78%
Magic:  4/4        EV: 10    Int:  9      God:    Trog [**....]
Gold:   128        SH: 12    Dex: 12      Spells: 3/3 levels left

rFire   . . .        a - +0 spear (heavy)
rCold   . . .        d - +0 kite shield
rNeg    + . .        b - +0 animal skin
rPois   .            (no helmet)
rElec   .            (no cloak)
rCorr   .            (no gloves)
SInv    .            (no boots)
Will    +....        h - amulet of reflection Stlth
                     g - ring of positive energy
HPRegen 0.29/turn    (no ring)
MPRegen 0.09/turn

%: reflection
@: berserking (expiring), lethally poisoned (-1 -> -2), enlightened, flying,
very quick
A: foul stench 1, condensation shield
a: Renounce Religion, Berserk, Trog's Hand


You were on level 4 of the Dungeon.
You worshipped Trog.
Trog was pleased with you.
You visited 1 branch of the dungeon, and saw 4 of its levels.

You collected 128 gold pieces.

Inventory:

Hand Weapons
 a - a +0 heavy spear (weapon)
Missiles
 f - 57 stones
Armour
 b - a +0 animal skin (worn)
 d - a +0 kite shield (worn)
Jewellery
 g - a ring of positive energy (left hand)
 h - an amulet of reflection (around neck)
Scrolls
 c - a scroll of identify


   Skills:
 + Level 3.8 Fighting
 + Level 3.8 Polearms
 + Level 2.0 Armour
 + Level 2.3 Dodging
 + Level 1.1 Stealth
 + Level 0.8 Shields


You had 3 spell levels left.
You didn't know any spells.
Your spell library contained the following spells:

 Spells                   Type           Power      Damage    Failure   Level
 Ensorcelled Hibernation  Hex/Ice        0%         N/A       88%         2
 Jinxbite                 Hex            0%         N/A       88%         2
 Anguish                  Hex/Necr       0%         N/A       100%        4


Dungeon Overview and Level Annotations

Branches:
Dungeon (4/15)
 Temple: D:4-7

Altars:
Ashenzari
Dithmenos

Shops:
D:1 ?


Innate Abilities, Weirdness & Mutations

You may rarely emit foul miasma when damaged in melee.
A meltable shield of frost defends you. (SH +0)


Message History

Deactivating autopickup; reactivate with Ctrl-A.
An orc wizard comes into view. It is wielding a +0 dagger of venom.
The orc warrior hits you with a +0 hand axe!
The adder closely misses you.
You hear a shout!
You miss the adder. The adder bites you.
You are poisoned.
The adder poisons you! You block the orc warrior's attack.
The adder hisses angrily.
You puncture the adder!
You kill the adder!
Trog accepts your kill.
You feel sick.
An orc comes into view. It is wielding a +0 club.
The orc priest mumbles some strange prayers to Beogh against you.
Pain shoots through your body! You block the orc warrior's attack.
You feel your strength returning.
The orc shouts!
You hit the orc warrior.
The orc warrior is moderately wounded.
You feel sick. The orc wizard casts a spell at you. The puff of flame hits you!
Your condensation shield dissipates!
An ogre comes into view. It is wielding a +0 giant spiked club.
The orc warrior hits you with a +0 hand axe!
* * * LOW HITPOINT WARNING * * *
The orc priest looks satisfied for a moment.
You block the orc warrior's attack.
You closely miss the orc warrior.
The orc warrior is moderately wounded.
You feel sick. Something hits you.
* * * LOW HITPOINT WARNING * * *
The orc warrior barely misses you.
You hit the orc warrior.
The orc warrior is moderately wounded.
You feel sick. You block something's attack.
The orc priest casts a cantrip, but nothing happens.
The orc warrior hits you with a +0 hand axe!
You die...

#.# #.#.#
..# #.#.#
..?.
#.#.##..##
#.#......#
#.#......#
#.#.......
#..S......
##@o>....#
#........
#oo##.###
..o. .#
#O... .
.....#
.....#
)....#


You could see an orc warrior, an ogre, an orc priest, an orc wizard, an adder
and an orc.

Vanquished Creatures
  An iguana (D:4)
  2 adders
  A dart slug (D:2)
  2 orcs (D:3)
  4 ball pythons
  5 bats
  A bat skeleton (D:2)
  3 endoplasms
  3 giant cockroaches (D:1)
  2 goblins
  6 hobgoblins
  5 jackals
  8 kobolds
  7 quokkas
  A ball python skeleton (D:2)
  2 frilled lizards
  A quokka skeleton (D:2)
  20 rats
74 creatures vanquished.

Notes
Turn   | Place    | Note
-------+----------+-------------------------------------------
     0 | D:1      | MachoJfn the Demonspawn Berserker began the quest for the
                  | Orb.
     0 | D:1      | Reached XP level 1. HP: 18/18 MP: 1/1
   159 | D:1      | Gained mutation: You may rarely emit foul miasma when
                  | damaged in melee. [demonic ancestry]
   159 | D:1      | Reached XP level 2. HP: 24/24 MP: 2/2
   626 | D:1      | Found The Oracle's Delphic Readings.
   863 | D:1      | Gained mutation: A meltable shield of frost defends you.
                  | (SH +0) [demonic ancestry]
   863 | D:1      | Reached XP level 3. HP: 29/29 MP: 3/3
  1627 | D:2      | Found a broken altar of Ashenzari.
  1717 | D:2      | Reached ** piety under Trog
  2129 | D:3      | Found a shadowy altar of Dithmenos.
  2233 | D:3      | Reached XP level 4. HP: 37/37 MP: 4/4
  2950 | D:4      | Reached skill level 1 in Stealth
  2959 | D:4      | Noticed an orc warrior
  2969 | D:4      | Noticed an ogre
  2971 | D:4      | Slain by an orc warrior

Illustrated notes

Levels and vault maps discovered:
D:1:      dreamdust_arrival_beginning_and_end, layout_loops_ring,
          grunt_decor_fettered, nicolae_nh_oracle_at_delphi
D:2:      layout_basic, serial_undead, serial_undead_b, serial_undead_c,
          serial_undead_c, serial_undead_e, basic_altar, minmay_rat_hole
D:3:      layout_basic, nicolae_overflow_two_pavilions
D:4:      layout_loops_ring, nicolae_qazlal_scattered_showers,
          kennysheep_big_empty_room, grunt_decor_arrowhead

Skill      XL: |  1  2  3  4 |
---------------+-------------+-----
Armour         | 2 |  2.0
Polearms       | 3 |  3.8
Dodging        | 2 |  2.3
Stealth        | 1 |  1.1
Fighting       | |  3.8
Shields        | |  0.8

Action                     |  1- 3 |  4- 6 || total
---------------------------+-------+-------++-------
  Melee: Spear             |   162 |    38 ||   200
         Punch             |     1 |       ||     1
 Invoke: Berserk           |       |     1 ||     1
    Use: Scroll            |     5 |     3 ||     8
         Potion            |     2 |     1 ||     3
   Stab: Sleeping          |     4 |     2 ||     6
 Armour: Animal skin       |    58 |    12 ||    70
  Dodge: Dodged            |    62 |     9 ||    71
  Block: Other             |    12 |       ||    12
         Kite shield       |     1 |    25 ||    26

Table legend: (Time is in decaauts)
 A = Elapsed time spent in this place.
 B = Non-inter-level travel time spent in this place.
 C = Inter-level travel time spent in this place.
 D = Time resting spent in this place.
 E = Time spent auto-exploring this place.
 F = Levels seen in this place.
 G = Mean time per level.
                   A        B        C        D        E       F      G
               +--------+--------+--------+--------+--------+-----+--------+
         Total |   3019 |   2820 |    199 |    347 |   1982 |   4 |  754.8 |
       Dungeon |   3019 |   2820 |    199 |    347 |   1982 |   4 |  754.8 |
               +--------+--------+--------+--------+--------+-----+--------+

Top non-repeatable levels by time:
     D:1: 1178 daAuts
     D:2: 904 daAuts
     D:3: 898 daAuts
     D:4: 37 daAuts
